 Dungeon Crawl Stone Soup version 0.31-a0-175-g9f7f995f2b (webtiles) character file.

Game seed: 17508015183000925770

92 Anon1729 the Trooper (level 4, -2/40 HPs)
             Began as a Minotaur Monk on June 16, 2023.
             Slain by a gnoll
             ... wielding a +0 whip
              (10 damage)
             ... on level 3 of the Dungeon.
             The game lasted 00:01:02 (2107 turns).

Anon1729 the Trooper (Minotaur Monk)                Turns: 2107, Time: 00:01:03

Health: -2/40      AC:  2    Str: 16    XL:     4   Next: 35%
Magic:  4/4        EV: 13    Int:  7    God:
Gold:   73         SH:  0    Dex: 14    Spells: 3/3 levels left

rFire   . . .        a - +0 short sword
rCold   . . .        d - orb {light}
rNeg    . . .        b - +0 robe
rPois   .            (helmet restricted)
rElec   .            (no cloak)
rCorr   .            (no gloves)
SInv    .            (no boots)
Will    .....        (no amulet)
Stlth   +            (no ring)
HPRegen 0.26/turn    (no ring)
MPRegen 0.09/turn

%: no passive effects
@: confused, ambrosia-drunk, glowing
A: horns 2, retaliatory headbutt
a: no special abilities


You were on level 3 of the Dungeon.
You visited 1 branch of the dungeon, and saw 3 of its levels.

You collected 73 gold pieces.

Inventory:

Hand Weapons
 a - a +0 short sword (weapon)
Armour
 b - a +0 robe (worn)
 d - an orb of light (worn)
Jewellery
 m - an amulet of the acrobat
 s - a ring of poison resistance
Scrolls
 e - a scroll of noise {unknown}
 f - a scroll of enchant weapon {unknown}
 g - 2 scrolls of fear {unknown}
 j - a scroll of fog {unknown}
 n - a scroll of enchant armour {unknown}
 o - a scroll of blinking {unknown}
 q - 2 scrolls of identify {unknown}
 r - 3 scrolls of poison {unknown}
 u - a scroll of vulnerability {unknown}
Potions
 h - a potion of mutation {unknown}
 i - a potion of haste {unknown}
 k - a potion of attraction {unknown}
 l - a potion of heal wounds {unknown}
 p - a potion of cancellation {unknown}
 t - a potion of brilliance {unknown}


   Skills:
 + Level 4.3 Fighting
 + Level 3.8 Short Blades
 + Level 1.8 Armour
 + Level 3.9 Dodging
 + Level 1.6 Invocations


You had 3 spell levels left.
You didn't know any spells.
Your spell library contained the following spells:

 Spells                   Type           Power      Damage    Failure   Level
 Magic Dart               Conj           0%         1d3       43%         1
 Call Imp                 Summ           0%         N/A       56%         2
 Mephitic Cloud           Conj/Pois/Air  0%         N/A       80%         3


Dungeon Overview and Level Annotations

Branches:
Dungeon (3/15)

Altars:
Yredelemnul

Shops:
D:1 [==*[


Innate Abilities, Weirdness & Mutations

You have a pair of horns on your head.
You reflexively headbutt those who attack you in melee.


Message History

The gnoll hits you with a +0 halberd. The gnoll hits you with a +0 club.
You hit the gnoll. You headbutt the gnoll!
The gnoll is severely wounded.
The gnoll closely misses you. x2; The gnoll hits you with a +0 club.
You hit the gnoll but do no damage.
The gnoll is severely wounded.
The gnoll hits you with a +0 halberd. The gnoll hits you with a +0 whip!
The gnoll completely misses you. You furiously retaliate!
You headbutt the gnoll!
You are too injured to fight recklessly!
You are too injured to fight recklessly!
You are too injured to fight recklessly!
You are too injured to fight recklessly!
You are too injured to fight recklessly!
You are too injured to fight recklessly!
You are too injured to fight recklessly!
You are too injured to fight recklessly!
You are too injured to fight recklessly!
You are too injured to fight recklessly!
You are too injured to fight recklessly!
You are too injured to fight recklessly!
You are too injured to fight recklessly!
You are too injured to fight recklessly!
You are too injured to fight recklessly!
You are too injured to fight recklessly!
You are too injured to fight recklessly!
You are too injured to fight recklessly!
You are too injured to fight recklessly!
You are too injured to fight recklessly!
You hit the gnoll.
The gnoll is severely wounded.
The gnoll misses you. The gnoll hits you with a +0 whip.
* * * LOW HITPOINT WARNING * * *
The gnoll hits you with a +0 club.
* * * LOW HITPOINT WARNING * * *
Okay, then.
You are confused.
You feel invigorated. The gnoll closely misses you.
The gnoll hits you with a +0 whip!
You die...

##########.≈
.##+########## ##..≈
.............# #..~~
#............# #...~
.............# #.~.≈
.............# #...~
.............# #.~~~
......)gg....# #...~
#....!g@.....# #~..~
#............# #...≈
#............# #..~~
#............# #....
#............########~.~
#....................#.≈
.............#######...≈
.............# ####≈
############# #


You could see 3 gnolls.

Vanquished Creatures
  A gnoll (D:3)
  An adder (D:2)
  2 worms (D:2)
  3 dart slugs
  An endoplasm (D:1)
  3 giant cockroaches (D:2)
  7 goblins
  8 hobgoblins
  6 jackals (D:1)
  A quokka (D:1)
  2 ball pythons
  8 bats
  3 frilled lizards
  8 kobolds
  3 rats
57 creatures vanquished.

Notes
Turn   | Place    | Note
-------+----------+-------------------------------------------
     0 | D:1      | Anon1729 the Minotaur Monk began the quest for the Orb.
     0 | D:1      | Reached XP level 1. HP: 19/19 MP: 0/0
    49 | D:1      | Reached XP level 2. HP: 25/27 MP: 1/1
    57 | D:1      | Found Ogykuid's Assorted Antiques.
    93 | D:1      | Reached skill level 1 in Armour
   270 | D:1      | Reached XP level 3. HP: 29/33 MP: 2/2
   334 | D:1      | Found Lazisch's Jewellery Emporium.
   344 | D:1      | Reached skill level 4 in Fighting
   344 | D:1      | Reached skill level 1 in Invocations
   480 | D:1      | Found Jebulau's Jewellery Shoppe.
   486 | D:1      | Found Bogeps's Antique Armour Shoppe.
   696 | D:1      | Found Venovu's Antique Armour Boutique.
  1424 | D:2      | Found a basalt altar of Yredelemnul.
  1470 | D:2      | Reached XP level 4. HP: 40/40 MP: 4/4
  1871 | D:3      | Found a faded altar of an unknown god.
  2107 | D:3      | Slain by a gnoll

Illustrated notes

Levels and vault maps discovered:
D:1:      dpeg_arrival_tiny_g, layout_basic, serial_shops, shop,
          nicolae_shop_waterfront, nicolae_shop_crystal, shop, shop,
          minmay_crystal_water, minmay_pentomino_w2
D:2:      layout_loops_corners, basic_altar, minmay_misc_feat_more_columns,
          serial_bayou_pond_a
D:3:      layout_basic, tgw_sif, nicolae_ecumenical_pavilion, roderic_lattice_a,
          chequers_serial_rivers_small_3, minmay_mini_jars

Skill      XL: |  1  2  3 |
---------------+----------+-----
Armour         | 1 |  1.8
Fighting       | 4 |  4.3
Invocations    | 1 |  1.6
Short Blades   | |  3.8
Dodging        | |  3.9

Action                     |  1- 3 |  4- 6 || total
---------------------------+-------+-------++-------
  Melee: Short sword       |    82 |    25 ||   107
         Headbutt          |    26 |     7 ||    33
    Use: Potion            |       |     1 ||     1
 Armour: Robe              |    14 |     2 ||    16
  Dodge: Dodged            |    39 |    23 ||    62

Table legend: (Time is in decaauts)
 A = Elapsed time spent in this place.
 B = Non-inter-level travel time spent in this place.
 C = Inter-level travel time spent in this place.
 D = Time resting spent in this place.
 E = Time spent auto-exploring this place.
 F = Levels seen in this place.
 G = Mean time per level.
                   A        B        C        D        E       F      G
               +--------+--------+--------+--------+--------+-----+--------+
         Total |   2089 |   2005 |     84 |      0 |   1737 |   3 |  696.3 |
       Dungeon |   2089 |   2005 |     84 |      0 |   1737 |   3 |  696.3 |
               +--------+--------+--------+--------+--------+-----+--------+

Top non-repeatable levels by time:
     D:1: 931 daAuts
     D:2: 922 daAuts
     D:3: 235 daAuts
